 Dungeon Crawl Stone Soup version 0.29-a0-555-g3b24f45cc1 (webtiles) character file.

Game seed: 15641858647026650213

43 zeratav the Chopper (level 3, -1/29 (30) HPs)
             Began as a Minotaur Warper on June 8, 2022.
             Slain by Sigmund
             ... wielding a +5 scythe of protection
              (14 damage)
             ... on level 2 of the Dungeon.
             The game lasted 00:02:29 (1292 turns).

zeratav the Chopper (Minotaur Warper)               Turns: 1292, Time: 00:02:30

HP:   -1/29 (30)    AC:  5    Str: 17    XL:     3   Next: 37%
MP:   4/4           EV: 11    Int: 10    God:
Gold: 101           SH:  0    Dex:  9    Spells: 4/4 levels left

rFire   + . .      SeeInvis .   p - +2 short sword (drain) {short}
rCold   . . .      Faith    .   (no shield)
rNeg    . . .      Spirit   .   j - +2 leather armour {rF+}
rPois   .          Reflect  .   (helmet restricted)
rElec   .          Harm     .   (no cloak)
rCorr   .          Rampage  .   (no gloves)
Will    .....                   (no boots)
Stlth   +.........              l - amulet of regeneration {@e2}
HPRegen 0.89/turn               (no ring)
MPRegen 0.09/turn               (no ring)

@: lightly drained
A: horns 2, retaliatory headbutt
a: no special abilities


You were on level 2 of the Dungeon.
You visited 1 branch of the dungeon, and saw 2 of its levels.

You collected 101 gold pieces.


Innate Abilities, Weirdness & Mutations

You have a pair of horns on your head.
You reflexively headbutt those who attack you in melee.


   Skills:
 - Level 2.4 Fighting
 + Level 4.7 Axes
 - Level 1.0 Throwing
 - Level 1.2 Armour
 - Level 2.1 Dodging
 - Level 1.3 Spellcasting
 - Level 2.1 Translocations


You had 4 spell levels left.
You didn't know any spells.
Your spell library contained the following spells:

 Spells                   Type           Power      Damage    Failure   Level
 Blink                    Tloc           10%        N/A       24%         2
 Gell's Gravitas          Tloc           5%         N/A       43%         3
 Lesser Beckoning         Tloc           5%         N/A       43%         3
 Teleport Other           Tloc           5%         N/A       43%         3
 Manifold Assault         Tloc           5%         N/A       99%         5

Inventory:

Hand Weapons
 a - a +0 hand axe {axe}
 p - a +2 short sword of draining (weapon) {short}
   (You took it off a kobold on level 2 of the Dungeon)
Missiles
 d - 7 boomerangs of dispersal (quivered) {=fthrowing}
Armour
 j - a +2 leather armour of fire resistance (worn)
   (You found it on level 1 of the Dungeon)
Jewellery
 l - an amulet of regeneration (around neck) {@e2}
   (You found it on level 1 of the Dungeon)
Scrolls
 b - a scroll of identify {unknown}
 c - a scroll of blinking {!r}
Potions
 h - 2 potions of degeneration {unknown}
 i - 2 potions of heal wounds {unknown}
 n - 3 potions of might {unknown}
 o - 2 potions of brilliance {unknown}

Dungeon Overview and Level Annotations

Branches:
Dungeon (2/15)

Altars:

Annotations:
D:2 Sigmund

............#
#######.....#####
.## # #....(.....
..# # ###).######
@.# #### #..# .?#
...######..######
..#
##..............#
..#
#....####.####.##..#
##..#.# #.# ##.@@..#
....#.# #.###...##.#
.##.#.# #.##.#.#.#.#
###.#.# #..........#
#.#.# ####.#<#.###
#.#.# ##...## #.#...
##.##
#........####.#
######.#......###


You could see Sigmund (very drained).


Message History

No target in view!
No target in view!
No target in view!
No target in view!
No target in view!
No target in view!
A bat comes into view.
Found a stone staircase leading down.
The bat hits you but does no damage.
You hit the bat. You drain the bat.
You kill the bat!
No target in view!
No target in view!
No target in view!
No target in view!
No target in view!
No target in view!
No target in view!
No target in view!
No target in view!
There is a stone staircase leading down here.
A ball python comes into view.
The ball python hisses angrily.
You hit the ball python.
The ball python bites you but does no damage.
The ball python grabs you. The ball python constricts you.
You hit the ball python.
You kill the ball python!
No target in view!
No target in view!
No target in view!
No target in view!
No target in view!
No target in view!
No target in view!
No target in view!
No target in view!
No target in view!
No target in view!
No target in view!
No target in view!
An endoplasm comes into view.
An endoplasm is nearby!
A goblin comes into view. It is wielding a +0 dagger.
The endoplasm quivers.
You hit the endoplasm but do no damage. The endoplasm closely misses you.
You furiously retaliate!
You headbutt the endoplasm!
You kill the endoplasm!
You closely miss the goblin. You headbutt the goblin.
You kill the goblin!
No target in view!
No target in view!
No target in view!
No target in view!
No target in view!
No target in view!
No target in view!
No target in view!
No target in view!
No target in view!
No target in view!
No target in view!
No target in view!
No target in view!
No target in view!
No target in view!
No target in view!
Things that are here:
a +0 dagger {short}; a goblin corpse
Found a stone staircase leading up.
Things that are here:
a +0 dagger {short}; a goblin corpse Sigmund the Dreaded comes into view.
He is wielding a +5 scythe of protection.
Sigmund shouts!
Sigmund casts a spell at you.
The puff of flame hits you but does no damage.
Sigmund hits you with a +5 scythe of protection!
Ouch! That really hurt!
* * * LOW HITPOINT WARNING * * *
HP[-15]
You take 15 damage, and now have 14/29 hp.
MASSIVE DAMAGE!! (PAUSE)
You hit Sigmund.
HP[+1]
You hit Sigmund. Your headbutt misses Sigmund.
Sigmund hits you with a +5 scythe of protection.
* * * LOW HITPOINT WARNING * * *
HP[-3]
You take 3 damage, and now have 12/29 hp.
You hit Sigmund but do no damage. You drain Sigmund.
Sigmund hits you with a +5 scythe of protection.
* * * LOW HITPOINT WARNING * * *
HP[-1]
You take 1 damage, and now have 11/29 hp.
You hit Sigmund but do no damage. Your headbutt misses Sigmund.
Sigmund gestures at you while chanting. You resist with some effort.
HP[+1]
You hit Sigmund but do no damage.
Sigmund hits you with a +5 scythe of protection!
You die...

Skill      XL: |  1  2 |
---------------+-------+-----
Axes           | 3 4 |  4.7
Fighting       | |  2.4
Throwing       | |  1.0
Armour         | |  1.2
Dodging        | |  2.1
Spellcasting   | |  1.3
Translocations | |  2.1

Action                   || total
-------------------------++-------
Melee: Hand axe          ||    47
       Headbutt          ||     6
       Punch             ||     1
       Short sword       ||    14
Armor: Leather armour    ||    14
Dodge: Dodged            ||    36

Levels and vault maps discovered:
D:1:      lightli_arrival_quake, layout_loops_ring,
          chequers_ecumenical_altar_island, feat_on_display
D:2:      layout_loops_ring, uniq_sigmund

Notes
Turn   | Place    | Note
-------+----------+-------------------------------------------
     0 | D:1      | zeratav the Minotaur Warper began the quest for the Orb.
     0 | D:1      | Reached XP level 1. HP: 18/18 MP: 1/1
     0 | D:1      | magus.rc [v1.9.6]
   236 | D:1      | Reached skill level 3 in Axes
   466 | D:1      | Found a faded altar of an unknown god.
   471 | D:1      | Reached XP level 2. HP: 25/25 MP: 3/3
   839 | D:2      | Reached skill level 4 in Axes
  1004 | D:2      | Reached XP level 3. HP: 30/30 MP: 4/4
  1281 | D:2      | Noticed Sigmund
  1292 | D:2      | Slain by Sigmund

Vanquished Creatures
  An adder (D:2)
  A worm (D:2)
  2 bats (D:2)
  4 endoplasms
  2 giant cockroaches
  4 goblins
  2 hobgoblins (D:1)
  A quokka (D:1)
  4 ball pythons
  A frilled lizard (D:1)
  3 kobolds
  5 rats
30 creatures vanquished.

Table legend:
 A = Non-vault XP
 B = Vault XP
 C = Vault XP percentage of total XP
 D = Non-vault monster count
 E = Vault monster count
 F = Vault count percentage of total count
                 A         B        C        D         E       F
            +---------+---------+-------+---------+---------+-------
      Total |      62 |       0 |   0.0 |      30 |       0 |   0.0
            +---------+---------+-------+---------+---------+-------
        D:1 |      23 |       0 |   0.0 |      15 |       0 |   0.0
        D:2 |      39 |       0 |   0.0 |      15 |       0 |   0.0
            +---------+---------+-------+---------+---------+-------

Illustrated notes

Table legend:
 A = Kills in this place as a percentage of kills in entire the game.
 B = Kills by you in this place as a percentage of kills by you in the entire game.
 C = Kills by friends in this place as a percentage of kills by friends in the entire game.
 D = Other kills in this place as a percentage of other kills in the entire game.
 E = Experience gained in this place as a percentage of experience gained in the entire game.
 F = Experience gained in this place divided by the number of levels of this place that you have seen.
                   A       B       C       D       E      F
               +-------+-------+-------+-------+-------+----------------------
         Total | 100.0 | 100.0 |   N/A |   N/A | 100.0 |  31.0
       Dungeon | 100.0 | 100.0 |   N/A |   N/A | 100.0 |  31.0
               +-------+-------+-------+-------+-------+----------------------

Table legend: (Time is in decaauts)
 A = Elapsed time spent in this place.
 B = Non-inter-level travel time spent in this place.
 C = Inter-level travel time spent in this place.
 D = Time resting spent in this place.
 E = Time spent auto-exploring this place.
 F = Levels seen in this place.
 G = Mean time per level.
                   A        B        C        D        E       F      G
               +--------+--------+--------+--------+--------+-----+--------+
         Total |   1305 |   1286 |     19 |      0 |   1088 |   2 |  652.5 |
       Dungeon |   1305 |   1286 |     19 |      0 |   1088 |   2 |  652.5 |
               +--------+--------+--------+--------+--------+-----+--------+

Top non-repeatable levels by time:
     D:1: 833 daAuts
     D:2: 471 daAuts
